 Dungeon Crawl Stone Soup version 0.26-a0-1213-gd52f5182fe (webtiles) character file.

Game seed: 5106494429639150332

12095 Hopman the Cleaver (level 11, -9/101 HPs)
             Began as a Hill Orc Fighter on Dec 29, 2020.
             Was a High Priest of Okawaru.
             Killed from afar by a frost giant (39 damage)
             ... with a bolt of cold
             ... on level 11 of the Dungeon on Dec 30, 2020.
             The game lasted 00:45:16 (12034 turns).

Hopman the Cleaver (Hill Orc Fighter)              Turns: 12034, Time: 00:45:17

Health: -9/101     AC: 22    Str: 23    XL:     11   Next: 88%
Magic:  12/18      EV:  9    Int:  8    God:    Okawaru [*****.]
Gold:   619        SH: 14    Dex: 10    Spells: 10/10 levels left

rFire    . . .     SeeInvis .   a - +0 war axe
rCold    . . .     Faith    .   c - +0 kite shield
rNeg     + . .     Spirit   .   i - +1 plate armour {Will+}
rPois    +         Reflect  .   v - +0 helmet
rElec    .         Harm     .   (no cloak)
rCorr    .         Rampage  .   k - +0 pair of gloves
Will     +....                  r - +0 pair of boots
Stlth    ..........             h - amulet of the acrobat
HPRegen  0.26/turn              f - ring of poison resistance
MPRegen  0.16/turn              q - ring of positive energy

@: heroism, finesse, hasted, very quick
A: no striking features
a: Renounce Religion, Heroism, Finesse


You were on level 11 of the Dungeon.
You worshipped Okawaru.
Okawaru was extremely pleased with you.
You visited 2 branches of the dungeon, and saw 12 of its levels.
You also visited: Sewer.

You collected 671 gold pieces.
You spent 52 gold pieces at shops.

Inventory:

Hand Weapons
 a - a +0 war axe (weapon)
 P - a +4 flail of freezing
Armour
 c - a +0 kite shield (worn)
 i - a +1 plate armour of willpower (worn)
 k - a +0 pair of gloves (worn)
 r - a +0 pair of boots (worn)
 v - a +0 helmet (worn)
Jewellery
 e - an uncursed ring of protection from fire
 f - a ring of poison resistance (left hand)
 h - an amulet of the acrobat (around neck)
 j - a +6 ring of dexterity
 q - a ring of positive energy (right hand)
 A - an uncursed ring of protection from cold
 D - an uncursed ring of protection from fire
 E - a +4 ring of evasion
 L - a cursed -4 ring of dexterity
Wands
 o - a wand of disintegration (6)
 s - a wand of polymorph (5)
 z - a wand of paralysis (13)
 M - a wand of random effects (13)
Scrolls
 d - 3 scrolls of immolation
 n - 4 scrolls of remove curse
 p - 3 scrolls of enchant weapon
 u - 5 scrolls of teleportation
 x - a scroll of enchant armour
 y - 4 scrolls of amnesia
 C - a scroll of noise {unknown}
 F - 2 scrolls of random uselessness {unknown}
 I - a scroll of holy word {unknown}
 K - 4 scrolls of identify
 N - a scroll of blinking {unknown}
Potions
 l - a potion of resistance
 m - 7 potions of curing
 t - a potion of berserk rage
 w - a potion of flight
 B - a potion of cancellation {unknown}
 H - a potion of brilliance {unknown}
 J - a potion of mutation {unknown}
Miscellaneous
 g - a phantom mirror


   Skills:
 + Level 10.5(15.5) Fighting
 + Level 11.1(16.1) Axes
 - Level 0.6(10.9) Maces & Flails
 + Level 9.7(14.7) Armour
 + Level 9.7(14.7) Shields
 + Level 9.4 Invocations
 - Level 4.0 Evocations


You had 10 spell levels left.
You didn't know any spells.
Your spell library contained the following spells:

 Spells                   Type           Power        Failure   Level
 Beastly Appendage        Tmut           0%           98%         1
 Wereblood                Tmut           0%           99%         2
 Spider Form              Tmut/Pois      0%           100%        3
 Cause Fear               Hex            0%           100%        4
 Ice Form                 Ice/Tmut       0%           100%        4
 Blade Hands              Tmut           0%           100%        5
 Silence                  Hex/Air        0%           100%        5
 Yara's Violent Unravell  Hex/Tmut       0%           100%        5
 Discord                  Hex            0%           100%        8


Dungeon Overview and Level Annotations

Branches:
Dungeon (11/15)            Temple (1/1) D:5            Lair (0/6) D:9
    Orc (0/2) D:9           Sewer (visited)

Altars:
Ashenzari
Cheibriados
Dithmenos
Elyvilon
Fedhas
Gozag
Hepliaklqana
Kikubaaqudgha
Makhleb
Nemelex Xobeh
Okawaru
Qazlal
Ru
Sif Muna
Trog
Uskayaw
Vehumet
Wu Jian
Xom
Yredelemnul
Zin
The Shining One

Shops:
D:8 ((??(


Message History

a deep troll corpse; a yak corpse You feel yourself speed up.
The frost giant points at you and mumbles some strange words.
The bolt of cold misses you. The yak closely misses you. The yak gores you.
You slash the frost giant!
The frost giant is lightly wounded.
You barely miss the yak. You slash the yak!
The frost giant casts a spell at you. The bolt of cold hits you!!!
* * * LOW HITPOINT WARNING * * *
You feel better. You block the yak's attack. The yak barely misses you.
Your plate armour prevents you from hitting the frost giant.
The frost giant is lightly wounded.
You barely miss the yak. You slash the yak! You hit the frost giant.
The frost giant is lightly wounded.
You slash the yak! x2
The frost giant gestures at you while chanting.
The bolt of cold hits you!!!
You die...

########
#YY@Y..#
#.C#)..#
#:...#...#
#)}..#...#
######...#
#........#
#........#
#....)...#
#
#'########


You could see a frost giant and 3 yaks.

Vanquished Creatures
  2 two-headed ogres
  A deep troll earth mage (D:11)
  A wolf spider zombie (D:7)
  An ugly thing (D:11)
  A gargoyle (D:11)
  Joseph (D:8)
  A troll (D:11)
  A wraith (D:9)
  9 yaks (D:11)
  A basilisk (D:11)
  4 wargs (D:9)
  A water moccasin (D:9)
  9 orc warriors
  Duvessa (D:7)
  A black bear (D:11)
  An ice beast (D:11)
  3 sky beasts
  2 phantoms
  A necrophage (D:9)
  3 ogres
  4 centaurs
  7 bullfrogs
  A wyvern skeleton (D:11)
  Dowan (D:7)
  4 scorpions
  6 killer bees (D:11)
  15 wights
  6 howler monkeys
  A quasit (D:8)
  3 jellies
  4 orc priests
  2 bullfrog skeletons
  A gnoll shaman (D:6)
  9 hounds
  Crazy Yiuf (D:2)
  12 orc wizards
  5 centaur skeletons
  10 worker ants
  3 hound skeletons (D:4)
  A worker ant zombie (D:6)
  A howler monkey zombie (D:7)
  7 gnolls (D:6)
  14 adders
  A river rat (D:6)
  5 white imps
  4 ufetubi
  An ooze (D:4)
  An adder zombie (D:8)
  An adder skeleton (D:8)
  5 worms
  A dart slug (D:2)
  10 leopard geckos
  49 orcs
  19 giant cockroaches
  6 hobgoblins
  18 jackals
  7 kobolds
  4 quokkas
  4 ball pythons
  11 bats
  6 frilled lizards
  A giant cockroach zombie (D:5)
  3 goblins
  A jackal skeleton (D:5)
  A jackal zombie (D:5)
  A leopard gecko zombie (D:5)
  A quokka zombie (D:7)
  11 rats
335 creatures vanquished.

Vanquished Creatures (collateral kills)
  Maggie (D:6)
  A scorpion (D:6)
  A jackal (D:6)
3 creatures vanquished.

Vanquished Creatures (others)
  A gnoll (D:6)
  9 plants (D:3)
10 creatures vanquished.

Grand Total: 348 creatures vanquished

Notes
Turn   | Place    | Note
-------+----------+-------------------------------------------
     0 | D:1      | Hopman the Hill Orc Fighter began the quest for the Orb.
     0 | D:1      | Reached XP level 1. HP: 19/19 MP: 1/1
    95 | D:1      | Reached XP level 2. HP: 27/27 MP: 2/2
   266 | D:1      | Reached skill level 3 in Axes
  1106 | D:2      | Reached XP level 3. HP: 33/33 MP: 3/3
  1304 | D:2      | Found a shadowy altar of Dithmenos.
  1333 | D:2      | Reached XP level 4. HP: 37/41 MP: 4/4
  1651 | D:2      | Found a runed translucent door.
  1652 | D:2      | Noticed Crazy Yiuf
  1660 | D:2      | Killed Crazy Yiuf
  1661 | D:2      | Reached skill level 4 in Axes
  1925 | D:3      | Reached XP level 5. HP: 47/47 MP: 5/5
  2577 | D:3      | Found a burning altar of Makhleb.
  2577 | D:3      | Found an ornate altar of the Wu Jian Council.
  2577 | D:3      | Found a stormy altar of Qazlal.
  2791 | D:4      | Reached skill level 5 in Fighting
  2791 | D:4      | Reached skill level 1 in Evocations
  2791 | D:4      | Reached XP level 6. HP: 46/56 MP: 6/6
  2948 | D:4      | Reached skill level 5 in Axes
  3181 | D:4      | Reached XP level 7. HP: 58/61 MP: 7/7
  3367 | D:4      | Found a hazy altar of Hepliaklqana.
  3676 | D:5      | Entered Level 5 of the Dungeon
  3872 | D:5      | Reached skill level 5 in Shields
  4052 | D:5      | Found a staircase to the Ecumenical Temple.
  4060 | Temple   | Entered the Ecumenical Temple
  4147 | Temple   | Became a worshipper of Warmaster Okawaru
  4202 | D:5      | Reached skill level 5 in Armour
  4622 | D:6      | Found a hide-covered altar of Uskayaw.
  5033 | D:6      | Reached skill level 6 in Axes
  5039 | D:6      | Found a glowing drain.
  5045 | D:6      | Reached XP level 8. HP: 68/70 MP: 8/8
  5054 | Sewer    | Entered a sewer
  5322 | Sewer    | Reached * piety under Okawaru
  5705 | D:6      | Noticed Maggie
  5739 | D:6      | Killed Maggie
  5739 | D:6      | Reached ** piety under Okawaru
  5740 | D:6      | Reached skill level 7 in Axes
  5991 | D:6      | Reached skill level 1 in Invocations
  6222 | D:6      | Reached XP level 9. HP: 63/79 MP: 10/10
  6470 | D:7      | Upgraded the game from 0.26-a0-1205-g4083c211ab to
                  | 0.26-a0-1213-gd52f5182fe
  6826 | D:7      | Found a basalt altar of Yredelemnul.
  6917 | D:7      | Noticed Duvessa
  6917 | D:7      | Noticed Dowan
  6924 | D:7      | Killed Dowan
  6933 | D:7      | Killed Duvessa
  6997 | D:7      | Reached skill level 8 in Axes
  7003 | D:7      | Reached *** piety under Okawaru
  7004 | D:7      | Reached skill level 5 in Invocations
  7467 | D:8      | Found Toat's Weapon Shop.
  7467 | D:8      | Noticed a two-headed ogre
  7649 | D:8      | Reached XP level 10. HP: 61/88 MP: 11/14
  7832 | D:8      | Found Derruuleet's Magic Scroll Shoppe.
  8006 | D:8      | Bought a scroll of identify for 26 gold pieces
  8006 | D:8      | Bought a scroll of identify for 26 gold pieces
  8058 | D:8      | Found a broken altar of Ashenzari.
  8118 | D:8      | Found Winol's Magic Scroll Shop.
  8398 | D:8      | Found Suasi's Weapon Boutique.
  8445 | D:8      | Found a broken altar of Ashenzari.
  8447 | D:8      | Found a bloodstained altar of Trog.
  8447 | D:8      | Found a snail-covered altar of Cheibriados.
  8456 | D:8      | Reached skill level 9 in Axes
  8463 | D:8      | Found a hide-covered altar of Uskayaw.
  8463 | D:8      | Found a shimmering altar of Xom.
  8463 | D:8      | Found a hazy altar of Hepliaklqana.
  8560 | D:8      | Noticed Joseph
  8586 | D:8      | Killed Joseph
  8650 | D:8      | Found Qaecot's Weapon Emporium.
  8884 | D:8      | Killed a two-headed ogre
  8884 | D:8      | Reached **** piety under Okawaru
  9197 | D:9      | Found a glowing golden altar of the Shining One.
  9290 | D:9      | Found an opulent altar of Gozag.
  9339 | D:9      | Found a staircase to the Orcish Mines.
  9787 | D:9      | Found a staircase to the Lair.
  9819 | D:9      | Found a sparkling altar of Nemelex Xobeh.
  9994 | D:9      | Reached ***** piety under Okawaru
 10161 | D:9      | Reached skill level 10 in Axes
 10161 | D:9      | Reached XP level 11. HP: 95/97 MP: 16/16
 10264 | D:10     | Entered Level 10 of the Dungeon
 10593 | D:10     | Noticed a two-headed ogre
 10601 | D:10     | Killed a two-headed ogre
 11116 | D:11     | Noticed a green ugly thing
 11133 | D:11     | Killed a green ugly thing
 11367 | D:11     | Received a gift from Okawaru
 11368 | D:11     | Reached skill level 10 in Fighting
 11991 | D:11     | Reached skill level 11 in Axes
 12003 | D:11     | Noticed a deep troll earth mage
 12009 | D:11     | Received a gift from Okawaru
 12026 | D:11     | Killed a deep troll earth mage
 12029 | D:11     | Noticed a frost giant
 12034 | D:11     | Killed from afar by a frost giant

Illustrated notes

Levels and vault maps discovered:
D:1:      wander_arrival_abandoned_jail, layout_basic
D:2:      minmay_chambers_of_ones, layout_rooms, grunt_dithmenos_smoke,
          small_statue_intersection, uniq_crazy_yiuf_cottage
D:3:      layout_basic, gammafunk_temple_overflow_claw, serial_bayou_lake_a
D:4:      layout_basic, nicolae_overflow_crystal_walls
D:5:      layout_gridville, minmay_temple_entry_glassed_door
D:6:      lemuel_upstairs_altar, layout_cave_pools, old_standard_altar,
          gup_sewer_entry_bubbles, uniq_maggie
D:7:      layout_basic, yredelemnul_altar_generic, uniq_duvessa
D:8:      layout_gridville, doesnt_xom_only_xom, ashenzari_altar_1,
          serial_shops, shop_scrolls, nicolae_shop_waterfront,
          nicolae_shop_trees, kennysheep_mini, shop_statue, minivault_19,
          uniq_joseph
D:9:      layout_irregular_city, marbit_many_paths,
          lemuel_coloured_pillars_altar, nicolae_tso_swordbearing_angel,
          minmay_orc_entry_guard_dogs
D:10:     layout_gridville
D:11:     minmay_shrinking_squares, layout_basic, nrook_mini_backslash,
          grunt_ministairs_10
Temple:   eino_temple_lava

Skill      XL: |  1  2  3  4  5  6  7  8  9 10 11 |
---------------+----------------------------------+-----
Axes           | 3 4 5 6 7 8 10 11 | 11.1
Fighting       | 4 5 6 7 8 9 10 | 10.5
Armour         | 4 5 6 7 8 9 |  9.7
Shields        | 4 5 6 7 8 9 |  9.7
Evocations     | 1 2 4 |  4.0
Invocations    | 1 5 7 9 |  9.4
Maces & Flails | |  0.6

Action                   |  1- 3 |  4- 6 |  7- 9 | 10-12 || total
-------------------------+-------+-------+-------+-------++-------
Melee: War axe           |   115 |   180 |   452 |   523 ||  1270
Invok: Heroism           |       |       |     5 |    11 ||    16
       Finesse           |       |       |       |     2 ||     2
  Use: Scroll            |     1 |     5 |    11 |     2 ||    19
       Potion            |     1 |     1 |     9 |     3 ||    14
Armor: Scale mail        |    58 |    40 |       |       ||    98
       Plate armour      |       |    39 |   259 |   241 ||   539
Dodge: Dodged            |    40 |    60 |   126 |   135 ||   361
Block: Kite shield       |    80 |    91 |   307 |   258 ||   736

Table legend: (Time is in decaauts)
 A = Elapsed time spent in this place.
 B = Non-inter-level travel time spent in this place.
 C = Inter-level travel time spent in this place.
 D = Time resting spent in this place.
 E = Time spent auto-exploring this place.
 F = Levels seen in this place.
 G = Mean time per level.
                   A        B        C        D        E       F      G
               +--------+--------+--------+--------+--------+-----+--------+
         Total |  12282 |  11798 |    484 |   1803 |   7085 |  13 |  944.8 |
       Dungeon |  11810 |  11333 |    477 |   1741 |   6922 |  11 | 1073.6 |
        Temple |     95 |     88 |      7 |      0 |     61 |   1 |   95.0 |
         Sewer |    376 |    376 |      0 |     62 |    102 |   1 |  376.0 |
               +--------+--------+--------+--------+--------+-----+--------+

Top non-repeatable levels by time:
     D:8: 1498 daAuts
     D:6: 1385 daAuts
     D:9: 1279 daAuts
     D:1: 1162 daAuts
     D:5: 1040 daAuts
     D:3: 1028 daAuts
     D:7: 1023 daAuts
     D:4: 1002 daAuts
    D:11: 874 daAuts
    D:10: 847 daAuts
     D:2: 668 daAuts
   Sewer: 376 daAuts
  Temple: 95 daAuts
